Map: Terraform LE (Void)

Players

wabbajack - Winner!

  • Race: Zerg Zerg
  • League: Silver

liquidcurage - Winner!

  • Race: Zerg Zerg
  • League: Gold

Aqueous

  • Race: Terran Terran
  • League: Gold

Bourster

  • Race: Terran Terran
  • League: Grandmaster

VOD

Have the link to the VOD?

Description

liquidcurage

Time

  • Played on: Oct. 18, 2015, 4:38 p.m.
  • Length: 13:33
Show
View Real Time Build Order
Export as new Build Order

wabbajack Zerg - Winner!

Build Orders: Hatch First 

Get SALT Encoding   

  12  0:01  Drone  
  13  0:12  Overlord  
  13  0:18  Drone  
  14  0:22  Extractor  
  14  0:24  Drone  
  15  0:32  Drone  
  15  0:35  Drone  
  17  0:45  Drone  
  18  0:59  Drone  
  18  1:00  Hatchery  
  18  1:03  Extractor  
  17  1:06  Drone  
  18  1:20  Spawning Pool  
  18  1:23  Drone  
  18  1:28  Drone  
  19  1:40  Drone  
  20  1:49  Overlord  
  20  2:02  Drone  
  21  2:08  Metabolic Boost  
  21  2:10  Queen  
  21  2:12  Queen, Zergling x2  
  21  2:13  Drone  
  27  2:25  Drone x2  
  29  2:35  Zergling x2  
  29  2:36  Zergling x2  
  31  2:44  Extractor  
  31  2:49  Zergling x2  
  31  2:50  Zergling x2  
  32  2:56  Queen x2  
  36  2:58  Overlord  
  36  3:18  Overlord  
  36  3:22  Drone x3  
  36  3:26  Drone  
  40  3:29  Drone  
  40  3:30  Drone  
  40  3:32  Hatchery  
  40  3:47  Drone  
  40  3:48  Drone x4  
  45  3:56  Drone x2  
  45  3:57  Drone x3  
  50  4:03  Drone x2  
  50  4:04  Evolution Chamber, Overlord  
  50  4:12  Overlord, Roach Warren  
  50  4:17  Lair  
  49  4:20  Drone  
  49  4:21  Extractor  
  49  4:23  Drone x2  
  50  4:28  Drone  
  50  4:29  Drone x2  
  50  4:30  Drone  
  54  4:38  Extractor  
  53  4:39  Extractor  
  52  4:46  Queen  
  52  4:48  Drone x6  
  62  4:53  Roach  
  62  4:56  Roach x2  
  62  4:57  Overlord  
  66  5:09  Roach x3  
  66  5:13  Roach  
  74  5:15  Overlord  
  74  5:16  Roach  
  74  5:17  Roach  
  74  5:19  Overlord  
  78  5:22  Drone  
  79  5:29  Roach  
  79  5:31  Drone  
  79  5:32  Overlord  
  82  5:36  Zerg Missile Weapons Level 1  
  82  5:39  Drone x3  
  85  5:43  Roach  
  85  5:44  Roach x3  
  93  5:55  Roach x3  
  99  6:04  Spine Crawler  
  98  6:05  Spine Crawler  
  98  6:11  Drone x7  
  98  6:12  Drone x2, Overlord x2  
  98  6:13  Spine Crawler  
  105  6:19  Drone, Hydralisk Den  
  105  6:25  Overlord  
  105  6:26  Overlord x2  
  105  6:38  Drone x2  
  105  6:39  Hatchery, Drone x3  
  109  6:41  Drone  
  109  6:43  Drone x2  
  112  6:52  Drone  
  112  6:53  Drone x6  
  119  6:56  Drone  
  120  7:05  Muscular Augments  
  120  7:10  Drone x3  
  123  7:16  Spire  
  123  7:17  Drone x5  
  123  7:19  Extractor  
  123  7:21  Extractor  
  125  7:25  Glial Reconstitution  
  125  7:30  Zerg Missile Weapons Level 2  
  125  7:33  Zergling x12  
  129  7:57  Zergling x2  
  129  7:58  Zergling x22  
  141  8:05  Roach  
  143  8:08  Hydralisk x4  
  143  8:12  Extractor  
  150  8:13  Extractor  
  150  8:17  Roach x2  
  152  8:20  Overlord x3  
  152  8:23  Hatchery  
  152  8:26  Hatchery  
  150  8:27  Hatchery  
  150  8:32  Overlord x4  
  150  8:33  Infestation Pit  
  148  8:37  Hydralisk x3  
  148  8:38  Hydralisk  
  148  8:39  Overlord x2  
  156  8:54  Corruptor  
  156  8:55  Corruptor x4  
  160  8:56  Corruptor  
  166  9:16  Overlord x2  
  166  9:24  Infestation Pit  
  165  9:30  Drone x5  
  165  9:31  Drone x7  
  177  9:42  Lurker Den  
  177  9:43  Extractor  
  176  9:46  Extractor  
  176  9:47  Extractor  
  176  9:50  Extractor  
  173  9:53  Hive  
  163  10:15  Hydralisk x4  
  163  10:16  Hydralisk x9  
  163  10:19  Roach  
  163  10:20  Roach x7  
  199  10:21  Zerg Ground Armor Level 1  
  199  10:28  Overseer  
  199  10:29  Evolution Chamber, Pathogen Glands, Overseer  
  198  10:58  Queen  
  200  11:13  Baneling Nest  
  195  11:19  Corruptor x3, Greater Spire  
  195  11:22  Corruptor  
  195  11:23  Corruptor  
  198  11:26  Corruptor x2  
  198  11:29  Roach  
  194  11:33  Drone x2  
  194  11:34  Drone x2  
  179  11:41  Roach  
  179  11:42  Roach x2  
  163  11:53  Viper  
  163  11:54  Viper x3, Roach  
  156  11:55  Viper  
  156  11:56  Roach  
  156  11:57  Roach x8  
  156  11:58  Roach  
  156  11:59  Hatchery, Roach  
  185  12:05  Infestor  
  185  12:07  Zergling x2  
  185  12:08  Zergling x8  
  192  12:09  Zergling x2  
  193  12:22  Overlord  
  193  12:35  Brood Lord  
  193  12:36  Brood Lord x2  
  199  12:52  Spore Crawler  
  199  12:56  Overseer x3  
  199  12:58  Brood Lord  
Show
View Real Time Build Order
Export as new Build Order

liquidcurage Zerg - Winner!

Build Orders:  

Get SALT Encoding   

  12  0:01  SCV  
  13  0:13  SCV  
  14  0:17  Supply Depot  
  14  0:25  SCV  
  15  0:39  SCV  
  15  0:40  Barracks  
  16  0:44  Refinery  
  16  0:51  SCV  
  17  1:03  SCV  
  18  1:15  SCV  
  19  1:26  Reaper  
  19  1:27  Orbital Command  
  20  1:48  Command Center  
  20  1:53  SCV  
  21  2:02  Supply Depot  
  21  2:05  SCV  
  22  2:21  Barracks Reactor, Factory  
  22  2:24  SCV  
  23  2:36  SCV  
  24  2:47  Supply Depot  
  24  2:48  SCV  
  25  3:00  SCV  
  26  3:10  Factory  
  26  3:12  SCV  
  27  3:13  Supply Depot  
  27  3:19  Hellion  
  29  3:25  SCV  
  30  3:33  Hellion  
  32  3:38  SCV  
  32  3:40  SCV  
  34  3:47  Hellion  
  35  3:54  SCV  
  36  3:59  Hellion  
  38  4:03  SCV  
  38  4:06  SCV  
  40  4:14  Hellion  
  40  4:15  SCV, Barracks Reactor  
  43  4:24  SCV  
  43  4:31  Orbital Command  
  44  4:33  Hellion x2  
  44  4:38  SCV  
  49  4:40  Armory  
  49  4:41  Hellion  
  51  4:50  SCV  
  52  4:55  Starport  
  52  5:01  Hellion  
  52  5:03  Hellion  
  52  5:04  SCV x2  
  58  5:09  Refinery  
  58  5:16  SCV x2, Hellion  
  62  5:23  Supply Depot  
  62  5:24  Supply Depot x2  
  62  5:36  Starport Reactor  
  62  5:39  Terran Vehicle And Ship Armor Level 1  
  62  5:42  Supply Depot  
  62  5:44  SCV x2  
  72  5:52  Widow Mine  
  72  5:55  Widow Mine  
  72  5:56  SCV x2, Widow Mine  
  72  5:59  Barracks Tech Lab  
  72  6:08  SCV  
  73  6:15  Widow Mine  
  75  6:19  SCV  
  75  6:21  Widow Mine  
  75  6:24  Widow Mine  
  80  6:30  Refinery  
  80  6:31  Refinery  
  80  6:33  Command Center  
  80  6:36  Liberator  
  79  6:42  Hellion x11  
  79  6:43  Command Center x2  
  79  6:44  Widow Mine  
  79  6:45  Hellion  
  83  6:48  Supply Depot  
  83  6:50  Hellion  
  83  6:52  SCV x2  
  83  6:53  Hellion  
  92  6:59  Liberator  
  92  7:04  SCV  
  93  7:10  Hellion  
  93  7:12  Hellion  
  93  7:14  Supply Depot  
  97  7:18  Marauder  
  100  7:32  Factory  
  90  7:44  SCV, Liberator  
  87  7:52  Hellion x2  
  87  7:53  Hellion x2  
  95  7:59  Command Center, Factory  
  95  8:00  Factory  
  95  8:01  Liberator  
  100  8:23  Orbital Command  
  100  8:24  Orbital Command  
  100  8:30  Starport  
  100  8:32  Command Center, Factory Tech Lab  
  100  8:42  Factory Tech Lab, Factory  
  100  8:43  Factory Tech Lab  
  100  8:50  SCV x3  
  101  9:02  Liberator x2  
  101  9:04  Engineering Bay  
  100  9:13  Starport Tech Lab  
  100  9:17  Supply Depot  
  100  9:22  Hellion x6  
  100  9:23  Hellion  
  120  9:31  Planetary Fortress, Refinery  
  120  9:33  SCV x2  
  120  9:34  SCV x2  
  124  9:43  Hellion x3, Refinery  
  124  9:44  Supply Depot, Hellion x4  
  138  9:45  SCV x2  
  138  9:46  SCV, Factory Tech Lab  
  138  9:51  Supply Depot  
  138  9:52  Supply Depot  
  127  10:04  Hellion  
  127  10:05  Hellion, Siege Tank x3  
  134  10:12  Hellion x3  
  132  10:14  Viking x2  
  132  10:15  Supply Depot  
  128  10:24  Supply Depot  
  128  10:26  Hellion x2  
  130  10:33  Hellion, Siege Tank  
  130  10:34  Hellion, Marauder  
  139  10:38  Viking  
  141  10:44  Viking  
  141  10:45  SCV x3  
  141  10:47  SCV x2  
  148  10:57  SCV x2  
  148  10:59  Siege Tank x2  
  148  11:00  Hellion x5  
  148  11:03  Viking  
  168  11:06  SCV  
  169  11:13  Command Center  
  117  11:41  Siege Tank x3  
  117  11:42  Hellion x2  
  104  11:50  Siege Tank  
  104  11:51  Hellion x2  
  98  12:03  Hellion x2  
  98  12:04  Viking  
  104  12:12  SCV x2, Hellion  
  104  12:13  Siege Tank x2  
  114  12:32  Siege Tank x2  
Show
View Real Time Build Order
Export as new Build Order

Aqueous Terran 

Build Orders:  

Get SALT Encoding   

Show
View Real Time Build Order
Export as new Build Order

Bourster Terran 

Build Orders:  

Get SALT Encoding   

Tags
 
Add a new tag
Caveats
  • Supply blocks, unpowered buildings, or Contaminate may cause inaccurate times.
  • Supply counts are checked every 10 seconds.